 Dungeon Crawl Stone Soup version 0.32-a0-540-g866d13106e (webtiles) character file.

Game seed: 2621540665060838997

30 lunkers the Sneak (level 3, -3/27 HPs)
             Began as a Coglin Brigand on Feb 28, 2024.
             Slain by a gnoll
             ... wielding a +0 halberd
              (13 damage)
             ... on level 2 of the Dungeon.
             The game lasted 00:01:06 (804 turns).

lunkers the Sneak (Coglin Brigand)                   Turns: 804, Time: 00:01:07

Health: -3/27      AC:  4    Str: 13    XL:     3   Next: 18%
Magic:  3/3        EV: 11    Int: 10    God:
Gold:   110        SH:  0    Dex: 15    Spells: 2/2 levels left

rFire   . . .        a - +2 dagger {Kammani}
rCold   . . .        l - +1 dagger (drain) {Simosihle}
rNeg    . . .        b - +0 robe
rPois   .            f - +0 helmet
rElec   .            c - +0 cloak
rCorr   .            (no gloves)
SInv    .            (no boots)
Will    .....        (no amulet)
Stlth   ++           (ring unavailable)
HPRegen 0.24/turn    (ring unavailable)
MPRegen 0.08/turn

%: no passive effects
@: revving
A: off-hand wielding, slow wielding, warmup strikes, no rings
a: no special abilities


You were on level 2 of the Dungeon.
You visited 1 branch of the dungeon, and saw 2 of its levels.

You collected 110 gold pieces.

Inventory:

Hand Weapons
 a - a +2 dagger (weapon) {Kammani}
 g - a +0 short sword {Manveen}
 h - a +0 short sword
 l - a +1 dagger of draining (offhand) {Simosihle}
Missiles
 d - 9 poisoned darts
 e - 3 curare-tipped darts
Armour
 b - a +0 robe (worn)
 c - a +0 cloak (worn)
 f - a +0 helmet (worn)
Scrolls
 i - a scroll of identify {unknown}
Potions
 j - a potion of mutation {unknown}
 k - a potion of resistance {unknown}


   Skills:
 - Level 2.0 Fighting
 + Level 3.2 Short Blades
 - Level 1.7 Throwing
 - Level 0.8 Dodging
 - Level 3.2 Stealth


You had 2 spell levels left.
You didn't know any spells.
Your spell library was empty.

Dungeon Overview and Level Annotations

Branches:
Dungeon (2/15)

Altars:


Innate Abilities, Weirdness & Mutations

You can wield a second weapon in your off-hand.
It takes a long time for you to wield or remove held weapons.
Your first few attacks do less damage.
Your grasper-arms cannot wear rings.


Message History

No target in view!
No target in view!
No target in view!
No target in view!
No target in view!
No target in view!
No target in view!
Things that are here:
a +1 dagger of draining; a goblin corpse
l - a +1 dagger of draining You're wielding all the weapons you can.
Replace which one? (? for menu, Esc to cancel) < or
a - a +2 dagger {Kammani}; > or
g - a +0 short sword {Manveen} You start parting from your weapon.
You continue parting from your +0 short sword {Manveen}. x4
You whisper farewell to Manveen.
You finish parting from your +0 short sword {Manveen}.
You start attuning to your weapon.
You continue attuning to your +1 dagger of draining. x5
You finish attuning to your +1 dagger of draining.
You sense an unholy aura.
You welcome your +1 dagger of draining "Simosihle" into your grasp.
A gnoll comes into view. It is wielding a +0 halberd.
A gnoll is nearby!
No target in view!
A gnoll comes into view. It is wielding a +0 whip.
The gnoll shouts! x2
The gnoll barely misses you.
A gnoll comes into view. It is wielding a +0 spear.
The gnoll shouts!
You hear a shout!
The gnoll hits you with a +0 halberd!
Ouch! That really hurt!
* * * LOW HITPOINT WARNING * * *
The gnoll hits you from afar with a +0 spear.
* * * LOW HITPOINT WARNING * * *
Unknown command.
You hit the gnoll with your +1 dagger of draining.
The gnoll is lightly wounded.
You hit the gnoll with your +2 dagger. The gnoll hits you with a +0 halberd!
You die...

##.#
.#.###################
.#...................#
<###########.^...###.#
## #.....###'#### #
##########.....# .
.....## #.....# .
#...g###.....#
#.g@.#.....#
#g##.#.†...# #
#.##.#### #..#.#
##...# ##..# ##.# #.#
...


You could see 3 gnolls.

Vanquished Creatures
  A dart slug (D:1)
  2 bats (D:1)
  4 endoplasms
  2 giant cockroaches (D:1)
  2 goblins
  3 hobgoblins (D:1)
  2 frilled lizards (D:1)
  6 kobolds (D:1)
  5 rats
27 creatures vanquished.

Notes
Turn   | Place    | Note
-------+----------+-------------------------------------------
     0 | D:1      | lunkers the Coglin Brigand began the quest for the Orb.
     0 | D:1      | Reached XP level 1. HP: 16/16 MP: 1/1
   128 | D:1      | Reached XP level 2. HP: 20/22 MP: 2/2
   526 | D:1      | Reached XP level 3. HP: 27/27 MP: 3/3
   804 | D:2      | Slain by a gnoll

Illustrated notes

Levels and vault maps discovered:
D:1:      lightli_arrival_statuegarden, layout_loops_ring
D:2:      kennysheep_six_static_rooms, layout_basic

Skill      XL: |  1  2 |
---------------+-------+-----
Short Blades   | 2 3 |  3.2
Fighting       | |  2.0
Throwing       | |  1.7
Dodging        | |  0.8
Stealth        | |  3.2

Action                     || total
---------------------------++-------
  Melee: Dagger            ||    63
         Short sword       ||    21
   Stab: Sleeping          ||     3
 Armour: Robe              ||    37
  Dodge: Dodged            ||    27

Table legend: (Time is in decaauts)
 A = Elapsed time spent in this place.
 B = Non-inter-level travel time spent in this place.
 C = Inter-level travel time spent in this place.
 D = Time resting spent in this place.
 E = Time spent auto-exploring this place.
 F = Levels seen in this place.
 G = Mean time per level.
                   A        B        C        D        E       F      G
               +--------+--------+--------+--------+--------+-----+--------+
         Total |    795 |    766 |     29 |      0 |    577 |   2 |  397.5 |
       Dungeon |    795 |    766 |     29 |      0 |    577 |   2 |  397.5 |
               +--------+--------+--------+--------+--------+-----+--------+

Top non-repeatable levels by time:
     D:1: 690 daAuts
     D:2: 105 daAuts
